 Dungeon Crawl Stone Soup version 0.23.2-1-ga50397a (webtiles) character file.

Game seed: 10251169180255130312

1766 MalarOregon the Geomancer (level 9, -3/73 HPs)
             Began as a Ghoul Earth Elementalist on June 1, 2019.
             Slain by a killer bee (5 damage)
             ... on level 7 of the Dungeon on June 2, 2019.
             The game lasted 00:31:15 (7741 turns).

MalarOregon the Geomancer (GhEE)                    Turns: 7741, Time: 00:31:16

Health: -3/73      AC:  3    Str: 12    XL:     9   Next: 7%
Magic:  2/11       EV: 12    Int: 13    God:
Gold:   348        SH:  0    Dex:  9    Spells: 6/12 levels left

rFire    . . .     SeeInvis .     - Unarmed
rCold    + . .     Gourm    .   (no shield)
rNeg     + + +     Faith    .   c - +0 robe
rPois    ∞         Spirit   .   (no helmet)
rElec    .         Reflect  .   l - scarf {repulsion}
rCorr    .         Harm     .   (no gloves)
MR       .....                  b - +0 pair of boots
Stlth    +++.......             (no amulet)
HPRegen  0.00/turn              (no ring)
MPRegen  0.12/turn              (no ring)

@: rotting, repel missiles
A: rotting body, claws 1, carnivore, cold resistance 1, negative energy
resistance 3, inhibited regeneration, torment resistance, unbreathing
a: no special abilities


You were on level 7 of the Dungeon.
You were not hungry.

You visited 1 branch of the dungeon, and saw 7 of its levels.

You collected 348 gold pieces.

Inventory:

Hand Weapons
 d - the +6 whip of Fate {chaos, SInv}
   (You found it on level 5 of the Dungeon)

   Each time it hits an enemy it has a different, random effect.
   It lets you see invisible.
 o - the +8 dagger "Oposesk" {flame, rC+}
   (You found it on level 5 of the Dungeon)

   It has been specially enchanted to burn those struck by it, causing extra
   injury to most foes and up to half again as much damage against particularly
   susceptible opponents.
   It protects you from cold.
 s - the +6 arbalest "Damnation" {damnation}
   (You found it on level 6 of the Dungeon)
Missiles
 w - 2 throwing nets (quivered) {!f}
Armour
 b - a +0 pair of boots (worn)
   (You found it on level 4 of the Dungeon)
 c - a +0 robe (worn)
 i - the +5 ring mail of the Game Afoot {Regen+}
   (You found it on level 7 of the Dungeon)

   It increases your rate of regeneration.
 l - a scarf of repulsion (worn)
   (You found it on level 1 of the Dungeon)
Jewellery
 f - an uncursed ring of fire
   (You found it on level 4 of the Dungeon)
Wands
 t - a wand of flame (15)
   (You took it off Ijyb on level 5 of the Dungeon)
 x - a wand of polymorph (10)
   (You took it off a centaur on level 7 of the Dungeon)
Scrolls
 a - 3 scrolls of identify {@r1}
 j - 4 scrolls of remove curse {@r2}
 m - a scroll of fog
 p - 2 scrolls of teleportation {@r4}
 q - 2 scrolls of enchant armour {unknown}
Potions
 g - 3 potions of brilliance
 k - a potion of cancellation
 n - 2 potions of flight
 r - a potion of haste {@q3}
 u - 3 potions of curing {@q1}
 v - a potion of might
Comestibles
 e - 11 rations {!d}


   Skills:
 + Level 4.9 Fighting
 - Level 1.7 Dodging
 + Level 6.0 Stealth
 + Level 4.9 Unarmed Combat
 - Level 2.0 Spellcasting
 - Level 2.0 Conjurations
 - Level 2.0 Transmutations
 * Level 8.3 Earth Magic


You had 6 spell levels left.
You knew the following spells:

 Your Spells              Type           Power        Failure   Level  Hunger
a - Sandblast             Erth           ###...       1%          1    ##.....
q - Passwall              Tmut/Erth      ##......     4%          2    ###....
x - Stone Arrow           Conj/Erth      ##....       10%         3    ####...

Your spell library contained the following spells:

 Spells                   Type           Power        Failure   Level  Hunger
 Lee's Rapid Deconstruct  Erth           ###.......   24%         5    ######.
 Petrify                  Tmut/Erth      ##......     30%         4    #####..


Dungeon Overview and Level Annotations

Branches:
Dungeon (7/15)
 Temple: D:4-7

Altars:
Ashenzari
Gozag
Kikubaaqudgha
Sif Muna
The Shining One

Shops:
D:5 :   D:7 :

Annotations:
D:4 Edmund, Eustachio


Innate Abilities, Weirdness & Mutations

Your body is rotting away.
You thrive on raw meat.
You are immune to poison.
You have sharp fingernails.
You are carnivorous and can eat meat at any time.
Your flesh is cold resistant. (rC+)
You are immune to negative energy. (rN+++)
You do not regenerate when monsters are visible.
You are immune to unholy pain and torment.
You can survive without breathing.


Message History

The stone arrow hits the bullfrog!
You kill the bullfrog!
You barely miss the killer bee. The killer bee closely misses you.
The killer bee misses you.
You miss the killer bee. The killer bee stings you.
* * * LOW HITPOINT WARNING * * *
The killer bee stings you!
* * * LOW HITPOINT WARNING * * *
You miss the killer bee. The killer bee barely misses you.
The killer bee stings you but does no damage.
Aim: a killer bee You don't have any stones to cast with.
Aim: a killer bee
Okay, then.
Unknown command.
Okay, then.
Unknown command.
You scratch the killer bee but do no damage.
The killer bee closely misses you. The killer bee barely misses you.
You miss the killer bee.
The killer bee stings you but does no damage.
The killer bee misses you.
You scratch the killer bee.
The killer bee stings you but does no damage.
The killer bee stings you.
* * * LOW HITPOINT WARNING * * *
You barely miss the killer bee. The killer bee stings you.
* * * LOW HITPOINT WARNING * * *
The killer bee misses you.
Okay, then.
You closely miss the killer bee. The killer bee closely misses you.
You barely miss the killer bee. The killer bee stings you.
* * * LOW HITPOINT WARNING * * *
The killer bee barely misses you.
You claw the killer bee! The killer bee stings you!
* * * LOW HITPOINT WARNING * * *
The killer bee stings you but does no damage.
You miss the killer bee. The killer bee stings you.
* * * LOW HITPOINT WARNING * * *
The killer bee closely misses you.
Aim: a killer bee (severely wounded)
You don't have any stones to cast with.
No other missiles available.
Use F to throw any item.
No other missiles available.
Use F to throw any item.
Here: a killer bee (severely wounded)
The floor, spattered with blood.
You miss the killer bee. The killer bee stings you.
* * * LOW HITPOINT WARNING * * *
The killer bee stings you.
You die...

..<...# #..# .###.........#
.∩....# #.#.....###.#.####.##
......# #. .##...#..#....†.###
.########. ####......[....?...
.# #...####.....##.###..... ##
#.c.#.......###># ....
#..#......#...#.###.....
#######.........###.#.#.......
(...............@y......# .
#####........##.###..####
#####.....÷.###.###..#
............# #..##..#
###.###.....# ##.##..# ....#
#.....# #.##..# ...####.....#
#.....# ##.....#.#### ##.#..#
######....### ##..#..#


You could see a killer bee.

Vanquished Creatures
  Duvessa (D:5)
  An ogre (D:5)
  An ice beast (D:5)
  2 centaurs
  4 bullfrogs (D:7)
  A jelly (D:5)
  Dowan (D:5)
  3 scorpions
  A vampire bat (D:5)
  A crimson imp (D:7)
  4 hounds
  2 centaur skeletons
  An orc wizard (D:5)
  Ijyb (D:5)
  5 worker ants
  A hound skeleton (D:5)
  18 gnolls
  7 adders
  2 oozes
  5 worms
  A dart slug (D:1)
  5 leopard geckos
  11 orcs
  18 bats
  7 giant cockroaches
  7 goblins
  10 hobgoblins
  7 jackals
  4 kobolds
  8 quokkas
  9 frilled lizards
  A quokka zombie (D:6)
  7 rats
157 creatures vanquished.

Notes
Turn   | Place    | Note
-------+----------+-------------------------------------------
     0 | D:1      | MalarOregon the Ghoul Earth Elementalist began the quest
                  | for the Orb.
     0 | D:1      | Reached XP level 1. HP: 14/14 MP: 2/2
   314 | D:1      | Reached XP level 2. HP: 4/20 MP: 1/3
   561 | D:1      | Reached skill level 1 in Unarmed Combat
   589 | D:1      | Reached XP level 3. HP: 25/27 MP: 1/5
   713 | D:1      | Learned a level 3 spell: Stone Arrow
   937 | D:1      | Reached skill level 1 in Fighting
  1225 | D:2      | Reached skill level 4 in Earth Magic
  1343 | D:2      | Reached XP level 4. HP: 35/35 MP: 3/6
  1500 | D:2      | Learned a level 2 spell: Passwall
  1574 | D:2      | Found a glowing golden altar of the Shining One.
  1698 | D:2      | Reached skill level 1 in Transmutations
  1910 | D:3      | Found a faded altar of an unknown god.
  2341 | D:3      | Reached XP level 5. HP: 37/41 MP: 2/7
  2818 | D:4      | Reached skill level 5 in Earth Magic
  2922 | D:4      | Noticed Edmund
  2985 | D:4      | Noticed Eustachio
  3528 | D:4      | Reached XP level 6. HP: 46/48 MP: 2/8
  4199 | D:5      | Entered Level 5 of the Dungeon
  4472 | D:5      | Found Inaxop's Book Boutique.
  4478 | D:5      | Got a bloodstained whip
  4496 | D:5      | Got an iridescent dagger
  4497 | D:5      | Identified the +6 whip of Fate {chaos, SInv} (You found it
                  | on level 5 of the Dungeon)
  4498 | D:5      | Identified the +8 dagger "Oposesk" {flame, rC+} (You found
                  | it on level 5 of the Dungeon)
  4614 | D:5      | Noticed Ijyb
  4635 | D:5      | Killed Ijyb
  4975 | D:5      | Reached XP level 7. HP: 22/56 MP: 4/9
  4980 | D:5      | Reached skill level 1 in Conjurations
  5227 | D:5      | Reached skill level 6 in Earth Magic
  5899 | D:6      | Found an opulent altar of Gozag.
  5899 | D:6      | Found the +6 arbalest "Damnation" {damnation}
  5899 | D:6      | Noticed Duvessa
  5899 | D:6      | Noticed Dowan
  5985 | D:6      | Found a deep blue altar of Sif Muna.
  5995 | D:5      | HP: 2/57 [gnoll/+0 club (6)]
  6352 | D:5      | Reached XP level 8. HP: 54/63 MP: 6/10
  6468 | D:5      | Killed Duvessa
  6490 | D:5      | Killed Dowan
  6490 | D:5      | Reached skill level 5 in Stealth
  6490 | D:5      | Reached skill level 7 in Earth Magic
  6627 | D:6      | Found an ancient bone altar of Kikubaaqudgha.
  6703 | D:6      | Found a shattered altar of Ashenzari.
  7032 | D:7      | Found Wirad's Book Emporium.
  7187 | D:7      | Got a polished ring mail
  7198 | D:7      | Identified the +5 ring mail of the Game Afoot {Regen+} (You
                  | found it on level 7 of the Dungeon)
  7538 | D:7      | Reached skill level 8 in Earth Magic
  7718 | D:7      | Reached XP level 9. HP: 47/73 MP: 2/11
  7741 | D:7      | HP: 2/73 [killer bee (6)]
  7741 | D:7      | Slain by a killer bee

Skill      XL: |  1  2  3  4  5  6  7  8  9 |
---------------+----------------------------+-----
Spellcasting   | 2 |  2.0
Unarmed Combat | 1 2 3 4 |  4.9
Fighting       | 1 2 3 4 |  4.9
Earth Magic    | 4 5 6 8 |  8.3
Transmutations | 1 2 |  2.0
Stealth        | 3 4 5 6 |  6.0
Conjurations   | 2 |  2.0
Dodging        | |  1.7

Action                   |  1- 3 |  4- 6 |  7- 9 || total
-------------------------+-------+-------+-------++-------
Melee: Unarmed           |    87 |   229 |   140 ||   456
       Dagger            |       |     1 |     2 ||     3
       Punch             |       |     1 |       ||     1
 Cast: Sandblast         |    29 |    70 |    50 ||   149
       Stone Arrow       |       |    13 |    31 ||    44
  Use: Scroll            |       |    18 |     1 ||    19
       Potion            |       |     3 |     4 ||     7
 Stab: Sleeping          |     1 |     5 |       ||     6
  Eat: Chunk             |     8 |    23 |    19 ||    50
       Ration            |       |       |     1 ||     1
Armor: Robe              |    13 |    63 |    22 ||    98
Dodge: Dodged            |    82 |   190 |   109 ||   381
       Deflected         |       |     3 |     4 ||     7
